 Dungeon Crawl Stone Soup version 0.26.1-11-gd32895ea62 (webtiles) character file.

Game seed: 8443297023280945735

188 nothank2 the Slasher (level 5, 0/41 HPs)
             Began as a Demonspawn Abyssal Knight on July 7, 2021.
             Was a Believer of Lugonu.
             Killed from afar by an orc wizard (6 damage)
             ... with a puff of flame
             ... on level 3 of the Dungeon.
             The game lasted 00:08:51 (2179 turns).

nothank2 the Slasher (Demonspawn Abyssal Knight)    Turns: 2179, Time: 00:08:53

Health: 0/41       AC: 12    Str: 13    XL:     5   Next: 39%
Magic:  0/6        EV: 13    Int: 14    God:    Lugonu [**....]
Gold:   56         SH:  0    Dex: 12    Spells: 4/4 levels left

rFire    . . .     SeeInvis .   c - +2 dagger (protect)
rCold    . . .     Faith    .   (no shield)
rNeg     . . .     Spirit   +   b - +0 leather armour
rPois    .         Reflect  .   j - +2 hat {Will+}
rElec    .         Harm     .   (no cloak)
rCorr    .         Rampage  .   (no gloves)
Will     +....                  (no boots)
Stlth    +.........             l - amulet of guardian spirit
HPRegen  0.13/turn              (no ring)
MPRegen  0.10/turn              (no ring)

@: lethally poisoned (0 -> -14), protection aura
A: horns 2, repulsion field 1
a: Renounce Religion, Depart the Abyss, Bend Space


You were on level 3 of the Dungeon.
You worshipped Lugonu.
Lugonu was pleased with you.
You visited 1 branch of the dungeon, and saw 3 of its levels.
You visited the Abyss 1 time.

You collected 56 gold pieces.

Inventory:

Hand Weapons
 a - a +1 falchion
 c - a +2 dagger of protection (weapon)
Missiles
 i - 64 stones (quivered)
Armour
 b - a +0 leather armour (worn)
 j - a +2 hat of willpower (worn)
Jewellery
 l - an amulet of guardian spirit (around neck)
Wands
 k - a wand of digging (5)
Scrolls
 d - 3 scrolls of blinking {unknown}
 g - a scroll of remove curse {unknown}
 h - a scroll of identify {unknown}
 m - a scroll of teleportation {unknown}
 n - a scroll of fear {unknown}
Potions
 e - a potion of curing {unknown}
 f - a potion of brilliance {unknown}
 o - a potion of resistance {unknown}


   Skills:
 - Level 3.0 Fighting
 + Level 5.0 Long Blades
 + Level 1.1 Throwing
 - Level 1.7 Armour
 - Level 0.8 Dodging
 - Level 2.4 Invocations


You had 4 spell levels left.
You didn't know any spells.
Your spell library was empty.

Dungeon Overview and Level Annotations

Branches:
Dungeon (3/15)

Altars:


Innate Abilities, Weirdness & Mutations

You have a pair of horns on your head.
You are surrounded by a mild repulsion field. (EV +2)


Message History

* * * LOW HITPOINT WARNING * * *
The orc wizard suddenly jeers.
The orc wizard hits you but does no damage.
You are lethally poisoned!
The adder bites you but does no damage.
You hit the orc wizard.
Your weapon exudes an aura of protection.
The orc wizard is heavily wounded.
* * * LOW HITPOINT WARNING * * *
You feel sick.
The orc wizard hits you with a +2 dagger of venom.
* * * LOW HITPOINT WARNING * * *
The orc misses you. The adder closely misses you.
You hit the orc.
The orc is lightly wounded.
* * * LOW HITPOINT WARNING * * *
You feel sick.
The orc wizard points at you and mumbles some strange words.
The puff of flame hits you!
You die...

..# #........#.# #.#
#.##..).....#.# #.#
#......).†....# #.#
#....(...# #.# ####.....#
#.# #.....#### #.#
#o.(......
..##############So...(...
..'............o@###.....
..################ .....
..##### ..... ........
.... ..###### ... ..# ..#
###


You could see an orc wizard (fast), an adder and 2 orcs.

Vanquished Creatures
  A scorpion (D:2)
  An orc priest (D:3)
  Robin (D:2)
  An adder (D:2)
  3 worms
  A leopard gecko (D:1)
  4 ball pythons
  9 bats
  3 giant cockroaches
  11 goblins (D:2)
  8 hobgoblins
  8 jackals (D:2)
  2 quokkas (D:2)
  2 frilled lizards
  8 kobolds
  6 rats
69 creatures vanquished.

Notes
Turn   | Place    | Note
-------+----------+-------------------------------------------
     0 | Abyss:1  | nothank2 the Demonspawn Abyssal Knight began the quest for
                  | the Orb.
     0 | Abyss:1  | Reached XP level 1. HP: 18/18 MP: 2/2
     0 | D:1      | Escaped the Abyss
    26 | D:1      | Reached skill level 2 in Long Blades
   143 | D:1      | Reached * piety under Lugonu
   349 | D:1      | Gained mutation: You are surrounded by a mild repulsion
                  | field. (EV +2) [demonic ancestry]
   349 | D:1      | Reached XP level 2. HP: 24/24 MP: 3/3
   729 | D:1      | Reached skill level 3 in Long Blades
   874 | D:2      | Reached XP level 3. HP: 29/29 MP: 4/4
   997 | D:2      | Noticed a scorpion
  1030 | D:2      | Killed a scorpion
  1031 | D:2      | Reached skill level 4 in Long Blades
  1031 | D:2      | Gained mutation: You have a pair of small horns on your
                  | head. [demonic ancestry]
  1031 | D:2      | Reached XP level 4. HP: 15/35 MP: 5/5
  1548 | D:2      | Reached ** piety under Lugonu
  1715 | D:2      | Noticed Robin
  1749 | D:2      | Killed Robin
  1814 | D:2      | Gained mutation: You have a pair of horns on your head.
                  | [demonic ancestry]
  1814 | D:2      | Reached XP level 5. HP: 40/41 MP: 6/6
  2169 | D:3      | Reached skill level 5 in Long Blades
  2169 | D:3      | Reached skill level 1 in Throwing
  2179 | D:3      | Killed from afar by an orc wizard

Illustrated notes

Levels and vault maps discovered:
D:1:      dpeg_arrival_tiny_i, layout_loops_ring
D:2:      layout_loops_ring, uniq_robin
D:3:      layout_basic, chequers_ecumenical_altar_island

Skill      XL: |  1  2  3  4  5 |
---------------+----------------+-----
Long Blades    | 2 3 4 5 |  5.0
Throwing       | 1 |  1.1
Fighting       | |  3.0
Armour         | |  1.7
Dodging        | |  0.8
Invocations    | |  2.4

Action                   |  1- 3 |  4- 6 || total
-------------------------+-------+-------++-------
Melee: Dagger            |   116 |   143 ||   259
       Falchion          |     9 |       ||     9
       Headbutt          |       |    27 ||    27
Throw: Stone             |     2 |    13 ||    15
Invok: Depart the Abyss  |     1 |       ||     1
Armor: Leather armour    |    45 |    44 ||    89
Dodge: Dodged            |    89 |   106 ||   195
       Rpst.: Falchion   |     2 |       ||     2
